 Dungeon Crawl Stone Soup version 0.29.1-12-g30fa7ad0bf (webtiles) character file.

Game seed: 16692534645751742299

210 Radix the Sneak (level 5, 0/28 HPs)
             Began as a Vine Stalker Brigand on Dec 17, 2022.
             Succumbed to an orc wizard's poison
             ... on level 4 of the Dungeon.
             The game lasted 00:24:56 (3362 turns).

Radix the Sneak (Vine Stalker Brigand)              Turns: 3362, Time: 00:24:57

Health: 0/28       AC:  5    Str: 13    XL:     5   Next: 88%
Magic:  6/6        EV: 27    Int: 11    God:
Gold:   219        SH:  0    Dex: 18    Spells: 4/4 levels left

rFire   . . .      SeeInvis .   v - +2 dagger (speed)
rCold   . . .      Faith    .   (no shield)
rNeg    . . .      Spirit   +   b - +0 robe
rPois   .          Reflect  .   D - +0 helmet
rElec   .          Harm     .   c - +0 cloak
rCorr   .          Rampage  .   (no gloves)
Will    .....                   t - +0 pair of boots
Stlth   +++.......              E - amulet of the acrobat
HPRegen 0.89/turn               (no ring)
MPRegen 0.10/turn               (no ring)

@: mighty, lethally poisoned (0 -> -2), on berserk cooldown, acrobatic, slowed,
very slow
A: fangs 2, regeneration 1, magic shield, antimagic bite, no potion heal 2
a: no special abilities


You were on level 4 of the Dungeon.
You visited 1 branch of the dungeon, and saw 4 of its levels.

You collected 219 gold pieces.

Inventory:

Hand Weapons
 a - a +2 dagger
 q - a +2 dagger of venom
 v - a +2 dagger of speed (weapon)
 B - a +2 sling of freezing
 C - a +2 vampiric spear
Missiles
 d - 6 poisoned darts (quivered)
 e - 7 curare-tipped darts
Armour
 b - a +0 robe (worn)
 c - a +0 cloak (worn)
 l - a +1 hat
 t - a +0 pair of boots (worn)
 D - a +0 helmet (worn)
Jewellery
 h - an amulet of reflection
 E - an amulet of the acrobat (around neck)
Wands
 G - a wand of digging (5)
Scrolls
 g - 2 scrolls of enchant weapon {unknown}
 j - a scroll of vulnerability {unknown}
 n - a scroll of teleportation {unknown}
 p - a scroll of identify {unknown}
 s - 2 scrolls of poison {unknown}
 u - a scroll of silence {unknown}
 x - a scroll of amnesia {unknown}
 y - a scroll of fear {unknown}
Potions
 i - a potion of degeneration {unknown}
 k - a potion of magic {unknown}
 m - 2 potions of might
 o - a potion of lignification {unknown}
 r - a potion of flight {unknown}
 w - a potion of heal wounds {unknown}
 z - a potion of attraction {unknown}
 A - a potion of curing {unknown}
 F - a potion of cancellation {unknown}
 H - a potion of berserk rage


   Skills:
 + Level 2.8 Fighting
 + Level 2.8 Short Blades
 + Level 2.8 Throwing
 + Level 2.0 Dodging
 + Level 5.8 Stealth


You had 4 spell levels left.
You didn't know any spells.
Your spell library contained the following spells:

 Spells                   Type           Power      Damage    Failure   Level
 Magic Dart               Conj           0%         1d3       34%         1
 Call Imp                 Summ           0%         N/A       47%         2
 Mephitic Cloud           Conj/Pois/Air  0%         N/A       71%         3
 Airstrike                Air            0%         2d(0-16)  98%         4
 Summon Lightning Spire   Summ/Air       0%         N/A       98%         4
 Lightning Bolt           Conj/Air       0%         1d11      100%        5


Dungeon Overview and Level Annotations

Branches:
Dungeon (4/15)
 Temple: D:4-7

Altars:

Shops:
D:3 (


Innate Abilities, Weirdness & Mutations

You have extremely sharp teeth.
Your natural rate of healing is unusually fast.
When hurt, damage is shared between your health and your magic reserves.
Your bite disrupts and absorbs the magic of your enemies.
Potions cannot restore your health.


Message History

An orc is nearby!
You hit something. You bite something. You drain its magic.
You feel invigorated.
You hit something. You bite something. You drain its magic.
You feel sick. Something hits you.
You are more poisoned.
You miss something.
You feel sick.
You hit something but do no damage.
You feel sick. Something hits you.
You are lethally poisoned!
You hit something.
You feel very sick.
Blink to where?
Press: ? - help, Dir - move target
As you read the scroll labelled HIUXEA ZEETEDD, it crumbles to dust.
It was a scroll of blinking.
* * * LOW HITPOINT WARNING * * *
You feel very sick.
It was a potion of might.
You feel very mighty all of a sudden.
* * * LOW HITPOINT WARNING * * *
You feel very sick.
It was a potion of berserk rage.
A red film seems to cover your vision as you go berserk!
You feel yourself moving faster!
You feel mighty!
* * * LOW HITPOINT WARNING * * *
You feel very sick.
You are too berserk!
You feel a strong urge to attack something.
* * * LOW HITPOINT WARNING * * *
You feel sick.
* * * LOW HITPOINT WARNING * * *
You feel sick.
You are too berserk!
You feel your anger nearly subside.
* * * LOW HITPOINT WARNING * * *
You feel sick.
You are no longer berserk.
You are exhausted.
You feel yourself slow down.
You die...

##############
######............#
..................#
...####.########..# ##.# #.#
#..# ##.# #.# ####..#
##.####.# #...@.# ##......#
#.....# ######### #....##
##### ##.#.# ...<#
#.#.######### ###.##
#.#...o.)...#
##...#########.#########)###
..............# ..# #...#
##...#####..##.# #.# #.#.#


There were no monsters in sight!

Vanquished Creatures
  A scorpion (D:4)
  Robin (D:3)
  7 adders
  A worm (D:3)
  5 orcs
  7 ball pythons
  4 bats
  An endoplasm (D:1)
  15 goblins
  5 hobgoblins
  6 jackals
  3 kobolds
  5 quokkas
  3 frilled lizards
  3 rats
67 creatures vanquished.

Notes
Turn   | Place    | Note
-------+----------+-------------------------------------------
     0 | D:1      | Radix the Vine Stalker Brigand began the quest for the Orb.
     0 | D:1      | Reached XP level 1. HP: 11/11 MP: 2/2
   209 | D:1      | Reached skill level 1 in Dodging
   209 | D:1      | Reached XP level 2. HP: 4/15 MP: 3/3
   481 | D:1      | Reached skill level 5 in Stealth
   748 | D:1      | You fall into a shaft and drop 1 floor!
   801 | D:2      | Found a faded altar of an unknown god.
   946 | D:1      | Reached XP level 3. HP: 4/18 MP: 4/4
  1760 | D:2      | Gained mutation: Your natural rate of healing is unusually
                  | fast. [Vine Stalker growth]
  1760 | D:2      | Reached XP level 4. HP: 23/23 MP: 5/5
  2417 | D:3      | Found Laokydaat's Weapon Shop.
  2664 | D:3      | Noticed Robin
  2712 | D:3      | Killed Robin
  2713 | D:3      | Reached XP level 5. HP: 27/27 MP: 2/6
  3362 | D:4      | Succumbed to an orc wizard's poison

Illustrated notes

Levels and vault maps discovered:
D:1:      lightli_arrival_flooded_house, layout_rooms
D:2:      layout_basic, nicolae_ecumenical_pavilion
D:3:      layout_rooms, serial_shops, nicolae_diamond_shop, uniq_robin
D:4:      layout_loops_ring, lemuel_doored_altar, grunt_decor_cap,
          nrook_campfire, kennysheep_orc_chapel

Skill      XL: |  1  2  3  4  5 |
---------------+----------------+-----
Dodging        | 1 2 |  2.0
Stealth        | 5 |  5.8
Fighting       | 2 |  2.8
Short Blades   | 2 |  2.8
Throwing       | 2 |  2.8

Action                   |  1- 3 |  4- 6 || total
-------------------------+-------+-------++-------
Melee: Dagger            |    97 |    91 ||   188
       Bite              |    21 |    28 ||    49
       Punch             |       |     1 ||     1
Throw: Dart              |     9 |     6 ||    15
  Use: Potion            |     1 |     2 ||     3
       Scroll            |       |     1 ||     1
 Stab: Sleeping          |     3 |     8 ||    11
Armor: Robe              |    35 |     9 ||    44
Dodge: Dodged            |    85 |    26 ||   111
Block: Other             |    11 |     7 ||    18
       Reflection        |       |     1 ||     1
